Map: Minas de Magma

Players

DuckKiller - Winner!

  • Race: Terran Terran
  • League: Diamond
  • Spawn Location: 9:00

efelinto - Winner!

  • Race: Protoss Protoss
  • League: Diamond
  • Spawn Location: 11:00

IREFUSETORUN

  • Race: Protoss Protoss
  • Spawn Location: 3:00

zeroscr

  • Race: Protoss Protoss
  • League: Silver
  • Spawn Location: 1:00

VOD

Have the link to the VOD?

Description

Time

  • Played on: April 16, 2017, 1:45 p.m.
  • Length: 11:45
Show
View Real Time Build Order
Export as new Build Order

DuckKiller Terran - Winner!

Build Orders:  

Get SALT Encoding   

  12  0:01  SCV  
  13  0:13  SCV  
  14  0:20  Supply Depot  
  14  0:25  SCV  
  15  0:30  Refinery  
  15  0:41  SCV  
  16  0:47  Barracks  
  16  0:53  SCV  
  17  1:05  SCV  
  18  1:18  SCV  
  19  1:30  SCV  
  20  1:44  Command Center  
  20  1:45  Reaper  
  21  1:48  Orbital Command  
  21  1:57  Refinery  
  21  2:23  Barracks Tech Lab  
  21  2:26  SCV  
  22  2:32  Barracks  
  22  2:34  Barracks  
  22  2:38  Factory, SCV  
  23  2:47  Stimpack  
  23  2:52  Supply Depot  
  23  3:15  SCV  
  25  3:21  Orbital Command  
  24  3:27  SCV  
  24  3:34  Refinery  
  24  3:38  Barracks Tech Lab x2  
  24  3:42  Refinery, SCV  
  27  3:48  Marauder  
  27  3:50  SCV  
  27  3:54  SCV  
  29  3:57  Factory Reactor  
  29  3:58  Concussive Shells  
  29  4:02  SCV  
  30  4:06  SCV  
  31  4:12  Marauder x2  
  31  4:14  SCV  
  36  4:18  SCV  
  37  4:24  Engineering Bay, Marauder  
  37  4:29  SCV  
  37  4:30  SCV  
  41  4:33  Marauder  
  41  4:35  Starport  
  41  4:36  Marauder  
  45  4:43  SCV  
  46  4:48  Supply Depot  
  46  4:53  Terran Infantry Weapons Level 1  
  46  4:54  Engineering Bay  
  46  5:05  Barracks  
  46  5:08  Supply Depot  
  46  5:09  SCV x2  
  46  5:10  Marauder x3  
  54  5:17  Supply Depot  
  54  5:23  Terran Infantry Armor Level 1  
  54  5:29  SCV x2  
  54  5:31  Marauder  
  58  5:37  Starport Tech Lab  
  58  5:41  SCV x2  
  60  5:44  Missile Turret  
  60  5:45  Missile Turret  
  60  5:52  Marauder  
  60  5:53  Marauder  
  60  5:54  SCV x2  
  60  5:56  Missile Turret  
  66  6:03  Raven  
  68  6:06  Barracks, SCV x2  
  68  6:10  Barracks Tech Lab  
  70  6:13  Supply Depot, Barracks  
  70  6:20  Barracks  
  70  6:23  Barracks  
  70  6:26  Supply Depot  
  70  6:34  SCV x2  
  70  6:35  Marauder x2  
  70  6:39  Command Center  
  76  6:40  Marauder  
  72  7:01  SCV  
  71  7:06  Marauder x3  
  71  7:07  Barracks Tech Lab x3  
  61  7:24  Barracks Tech Lab  
  61  7:27  Marauder x3  
  67  7:30  SCV  
  67  7:31  SCV  
  69  7:42  SCV  
  69  7:43  SCV  
  71  7:44  Supply Depot  
  71  7:47  Supply Depot  
  71  7:48  Medivac x2, Marauder  
  71  7:49  Supply Depot, Marauder x2  
  81  7:52  Marauder  
  81  7:53  Marauder x3  
  89  8:11  Marauder  
  89  8:12  Marauder x3  
  97  8:16  SCV  
  97  8:17  SCV  
  97  8:18  Medivac x2  
  103  8:25  Marauder x3  
  109  8:36  Marauder, Armory  
  111  8:44  Planetary Fortress  
  111  8:48  Medivac, SCV x2  
  115  8:55  Refinery  
  115  8:56  Refinery  
  115  9:05  Medivac  
  117  9:10  Marauder  
  117  9:16  Marauder x2  
  123  9:18  Medivac  
  125  9:31  Supply Depot  
  125  9:34  Supply Depot  
  125  9:53  Medivac, Marauder, SCV x3  
  125  9:56  Marauder x2  
  112  10:25  Marauder  
  112  10:26  Marauder x7  
  118  10:35  Medivac x2  
  122  10:45  Supply Depot  
  122  10:47  Marauder x7  
  122  10:48  Marauder  
  138  10:52  Supply Depot  
  138  10:55  SCV x2  
  138  10:56  Barracks  
  132  11:08  Marauder  
  132  11:09  Marauder  
Show
View Real Time Build Order
Export as new Build Order

efelinto Protoss - Winner!

Build Orders:  

Get SALT Encoding   

  12  0:01  Probe (Chrono Boost)  
  13  0:11  Probe (Chrono Boost)  
  14  0:20  Pylon  
  14  0:23  Probe (Chrono Boost)  
  15  0:38  Probe (Chrono Boost)  
  16  0:46  Gateway  
  16  0:49  Gateway  
  16  0:52  Probe (Chrono Boost)  
  17  0:59  Assimilator  
  17  1:03  Probe (Chrono Boost)  
  18  1:13  Probe (Chrono Boost)  
  19  1:24  Probe (Chrono Boost)  
  20  1:33  Cybernetics Core  
  20  1:39  Probe (Chrono Boost)  
  21  1:56  Warp Gate  
  21  1:57  Probe (Chrono Boost)  
  21  2:00  Nexus  
  21  2:01  Assimilator  
  22  2:18  Pylon  
  22  2:25  Pylon  
  22  2:36  Stalker  
  24  2:39  Stalker  
  26  3:02  Robotics Facility  
  26  3:03  Probe (Chrono Boost)  
  28  3:21  Probe (Chrono Boost)  
  28  3:27  Pylon  
  29  3:35  Probe (Chrono Boost)  
  29  3:38  Mothership Core (Chrono Boost)  
  31  3:47  Probe (Chrono Boost)  
  32  3:48  Stargate  
  32  3:56  Observer, Probe (Chrono Boost)  
  32  3:57  Probe (Chrono Boost)  
  35  4:07  Probe (Chrono Boost)  
  35  4:08  Assimilator, Probe (Chrono Boost)  
  37  4:11  Assimilator  
  37  4:17  Probe (Chrono Boost)  
  37  4:18  Probe (Chrono Boost)  
  39  4:29  Pylon  
  39  4:31  Probe (Chrono Boost)  
  40  4:39  Stalker  
  40  4:40  Stalker  
  40  4:43  Immortal  
  48  4:49  Oracle  
  51  5:07  Stalker x2  
  51  5:13  Gateway  
  55  5:14  Gateway  
  55  5:29  Probe (Chrono Boost)  
  55  5:30  Forge  
  55  5:34  Probe (Chrono Boost), Pylon  
  57  5:44  Probe (Chrono Boost)  
  57  5:45  Probe (Chrono Boost)  
  59  5:55  Probe x2 (Chrono Boost)  
  58  6:06  Probe x2 (Chrono Boost)  
  58  6:08  Stalker x2  
  63  6:14  Photon Cannon  
  63  6:16  Probe (Chrono Boost)  
  63  6:17  Probe (Chrono Boost)  
  65  6:19  Photon Cannon  
  65  6:25  Sentry  
  65  6:26  Sentry  
  65  6:27  Probe x2 (Chrono Boost)  
  65  6:32  Photon Cannon  
  71  6:36  Sentry x2  
  75  6:51  Observer  
  76  7:12  Observer  
  77  7:30  Pylon  
  77  7:32  Pylon  
  77  7:33  Pylon x2  
  77  7:35  Pylon  
  77  7:46  Nexus  
  77  7:49  Zealot  
  77  7:50  Immortal, Zealot x3  
  89  7:59  Void Ray  
  93  8:25  Immortal  
  93  8:33  Zealot  
  99  8:34  Zealot  
  101  8:41  Void Ray  
  101  8:44  Twilight Council  
  105  8:59  Immortal  
  105  9:00  Probe x2 (Chrono Boost)  
  105  9:02  Probe (Chrono Boost)  
  108  9:05  Assimilator  
  112  9:10  Assimilator  
  112  9:11  Probe (Chrono Boost)  
  112  9:14  Probe (Chrono Boost)  
  114  9:22  Zealot  
  114  9:23  Zealot x3  
  122  9:24  Void Ray  
  122  9:26  Pylon  
  126  9:31  Pylon  
  126  9:43  Immortal  
  130  10:07  Void Ray  
  130  10:12  Stalker x3  
  140  10:25  Pylon  
  140  10:28  Pylon  
  140  10:30  Pylon  
  140  10:32  Pylon  
  140  10:33  Pylon  
  140  10:34  Pylon  
  140  10:38  Immortal  
  140  10:45  Probe (Chrono Boost)  
  140  10:46  Probe (Chrono Boost)  
  140  10:47  Probe (Chrono Boost)  
  147  10:56  Probe x2 (Chrono Boost)  
  149  10:59  Probe (Chrono Boost), Pylon  
  150  11:04  Pylon  
  150  11:08  Pylon  
  150  11:10  Nexus  
  150  11:17  Zealot x4  
Show
View Real Time Build Order
Export as new Build Order

IREFUSETORUN Protoss 

Build Orders: 1 Gate Expand, Blink Stalkers, Dark Templar Rush 

Get SALT Encoding   

  12  0:03  Probe (Chrono Boost)  
  13  0:13  Probe (Chrono Boost)  
  14  0:24  Probe (Chrono Boost)  
  15  0:29  Pylon  
  15  0:41  Assimilator  
  15  0:47  Probe (Chrono Boost)  
  16  0:50  Gateway  
  16  0:58  Probe (Chrono Boost)  
  17  1:08  Probe (Chrono Boost)  
  18  1:19  Probe (Chrono Boost)  
  19  1:26  Nexus  
  19  1:33  Probe (Chrono Boost)  
  19  1:37  Assimilator  
  20  1:44  Probe (Chrono Boost)  
  21  1:49  Cybernetics Core  
  21  1:59  Pylon  
  21  2:05  Probe (Chrono Boost)  
  22  2:14  Warp Gate  
  22  2:21  Probe (Chrono Boost)  
  23  2:31  Twilight Council  
  23  2:37  Gateway  
  23  2:38  Gateway  
  23  2:45  Probe (Chrono Boost)  
  23  2:46  Probe (Chrono Boost)  
  26  2:58  Probe (Chrono Boost)  
  25  3:08  Stalker  
  25  3:11  Blink  
  25  3:12  Mothership Core (Chrono Boost)  
  29  3:20  Pylon  
  29  3:30  Probe (Chrono Boost)  
  29  3:32  Probe (Chrono Boost)  
  31  3:40  Probe (Chrono Boost)  
  32  3:44  Probe (Chrono Boost)  
  32  3:46  Pylon  
  33  3:49  Pylon  
  33  3:51  Probe (Chrono Boost)  
  34  3:58  Dark Shrine  
  34  4:01  Probe (Chrono Boost)  
  35  4:20  Probe (Chrono Boost)  
  35  4:21  Probe (Chrono Boost)  
  35  4:22  Assimilator  
  37  4:26  Assimilator  
  37  4:31  Probe (Chrono Boost)  
  38  4:34  Probe (Chrono Boost)  
  39  4:39  Gateway  
  39  4:41  Probe (Chrono Boost), Gateway  
  39  4:43  Gateway  
  41  4:45  Pylon  
  41  4:46  Probe (Chrono Boost)  
  41  4:52  Probe (Chrono Boost)  
  42  4:55  Shadow Stride  
  42  4:58  Probe (Chrono Boost)  
  43  5:02  Probe (Chrono Boost)  
  44  5:10  Probe (Chrono Boost)  
  45  5:18  Dark Templar x3  
  51  5:38  Dark Templar x2  
  51  5:39  Dark Templar  
  57  5:59  Pylon  
  57  6:01  Pylon  
  57  6:03  Stalker x2  
  57  6:04  Stalker  
  63  6:11  Stalker x2  
  63  6:12  Stalker  
  69  6:35  Forge  
  69  6:37  Forge  
  51  7:01  Stalker x3  
  51  7:02  Stalker x3  
  57  7:25  Dark Templar x3  
  57  7:26  Dark Templar  
  57  7:27  Dark Templar  
  67  7:40  Protoss Ground Armor Level 1  
  67  7:44  Protoss Ground Weapons Level 1  
  67  7:48  Gateway  
  67  7:50  Gateway  
  67  7:54  Gateway  
  67  8:00  Gateway  
  67  8:11  Pylon  
  67  8:14  Pylon  
  67  8:17  Pylon  
  67  8:20  Pylon  
  67  8:22  Stalker x6  
  79  8:44  Assimilator  
  79  8:46  Nexus  
  79  8:49  Assimilator, Charge  
  79  8:51  Pylon  
  79  8:54  Pylon  
  79  9:08  Zealot x6  
  79  9:09  Zealot x4  
  99  9:27  Protoss Ground Armor Level 2  
  99  9:32  Stalker x5  
  99  9:33  Stalker x2  
  102  10:41  Stalker x3  
  102  10:42  Stalker x5  
  116  10:43  Stalker x2  
Show
View Real Time Build Order
Export as new Build Order

zeroscr Protoss 

Build Orders:  

Get SALT Encoding   

  12  0:01  Probe (Chrono Boost)  
  14  0:14  Probe (Chrono Boost)  
  14  0:19  Pylon  
  14  0:24  Probe (Chrono Boost)  
  15  0:39  Gateway  
  15  0:40  Probe (Chrono Boost)  
  16  0:50  Probe (Chrono Boost)  
  16  0:53  Assimilator  
  17  1:01  Probe (Chrono Boost)  
  18  1:09  Assimilator  
  18  1:12  Probe (Chrono Boost)  
  19  1:29  Probe (Chrono Boost)  
  19  1:32  Gateway  
  20  1:39  Probe (Chrono Boost)  
  21  1:45  Pylon  
  21  1:50  Probe (Chrono Boost)  
  22  1:54  Cybernetics Core  
  22  1:58  Gateway  
  22  2:00  Probe (Chrono Boost)  
  23  2:04  Pylon  
  23  2:11  Probe (Chrono Boost)  
  23  2:32  Mothership Core (Chrono Boost)  
  23  2:34  Pylon  
  25  2:45  Stalker  
  25  2:46  Stalker  
  29  3:22  Stalker x3  
  29  3:25  Warp Gate  
  35  3:38  Probe (Chrono Boost)  
  36  3:42  Pylon  
  37  3:48  Probe (Chrono Boost)  
  37  3:59  Probe (Chrono Boost)  
  37  4:01  Nexus  
  38  4:04  Pylon  
  38  4:11  Robotics Facility  
  38  4:23  Pylon  
  39  4:26  Probe (Chrono Boost)  
  39  4:32  Assimilator  
  39  4:42  Gateway  
  39  4:44  Gateway  
  40  4:45  Probe (Chrono Boost)  
  40  4:57  Probe (Chrono Boost)  
  40  4:58  Forge  
  41  5:01  Observer  
  42  5:10  Probe (Chrono Boost)  
  43  5:19  Probe (Chrono Boost)  
  45  5:22  Observer, Probe (Chrono Boost)  
  46  5:30  Probe (Chrono Boost)  
  46  5:34  Probe (Chrono Boost)  
  48  5:38  Protoss Ground Weapons Level 1  
  48  5:40  Probe (Chrono Boost)  
  49  5:46  Probe (Chrono Boost)  
  49  5:47  Photon Cannon  
  50  5:51  Probe (Chrono Boost)  
  51  5:58  Probe (Chrono Boost)  
  51  6:07  Photon Cannon  
  51  6:10  Probe (Chrono Boost)  
  52  6:12  Photon Cannon  
  52  6:18  Assimilator  
  52  6:22  Probe (Chrono Boost)  
  52  6:25  Stalker x3  
  55  6:26  Stalker  
  61  6:34  Probe (Chrono Boost)  
  57  6:59  Stalker x2  
  57  7:00  Stalker x3  
  55  7:24  Stalker x2  
  55  7:25  Stalker x3  
  65  7:30  Immortal  
  69  7:45  Nexus  
  69  7:47  Probe (Chrono Boost)  
  70  7:55  Pylon  
  70  7:58  Probe x2 (Chrono Boost)  
  72  7:59  Protoss Ground Armor Level 1  
  72  8:08  Probe (Chrono Boost)  
  72  8:12  Robotics Facility  
  73  8:19  Probe (Chrono Boost)  
  74  8:29  Probe (Chrono Boost)  
  75  8:35  Immortal, Pylon  
  79  8:42  Gateway  
  79  8:45  Gateway  
  79  8:49  Gateway  
  79  8:55  Gateway  
  79  8:57  Gateway  
  79  9:03  Probe (Chrono Boost)  
  79  9:05  Probe (Chrono Boost)  
  81  9:12  Stalker  
  81  9:13  Stalker x2  
  81  9:14  Probe (Chrono Boost)  
  81  9:15  Probe (Chrono Boost)  
  89  9:24  Probe (Chrono Boost)  
  89  9:30  Stalker x2  
  94  9:37  Probe (Chrono Boost)  
  95  9:39  Assimilator  
  95  9:43  Assimilator  
  95  9:50  Protoss Shields Level 1  
  95  10:06  Stalker x2  
  95  10:07  Stalker x3  
  94  10:08  Stalker x4  
  106  10:34  Pylon  
  106  10:36  Pylon  
  106  10:37  Pylon  
  106  10:48  Pylon  
  106  10:50  Pylon  
  86  11:27  Stalker x5  
  86  11:28  Stalker x2  
Tags
 
Add a new tag
Caveats
  • Supply blocks, unpowered buildings, or Contaminate may cause inaccurate times.
  • Supply counts are checked every 10 seconds.